 Dungeon Crawl Stone Soup version 0.19.1-28-ge1247f7 (webtiles) character file.

46 Megalobster the Conjurer (level 3, -1/19 HPs)
             Began as a Deep Elf Conjurer on Jan 22, 2017.
             Slain by an ogre
             ... wielding a +0 giant club
              (10 damage)
             ... on level 4 of the Dungeon.
             The game lasted 00:06:51 (1769 turns).

Megalobster the Conjurer (Deep Elf Conjurer)        Turns: 1769, Time: 00:06:52

Health: -1/19      AC:  3    Str:  5    XL:     3   Next: 44%
Magic:  3/10       EV: 13    Int: 20    God:
Gold:   116        SH:  2    Dex: 15    Spells: 2 memorised, 6 levels left

rFire  . . .     SeeInvis .     j - +2 mace (venom)
rCold  . . .     Gourm    .     a - +0 robe
rNeg   . . .     Faith    .     (no shield)
rPois  .         Spirit   .     (no helmet)
rElec  .         Reflect  +     i - +0 cloak
rCorr  .         Harm     .     (no gloves)
MR     .....                    (no boots)
Stlth  +.........               n - +2 amulet of reflection
                                (no ring)
                                c - ring of loudness (curse)

@: no status effects
A: no striking features
a: no special abilities


You were on level 4 of the Dungeon.
You were not hungry.

You visited 1 branch of the dungeon, and saw 3 of its levels.

You collected 116 gold pieces.

Inventory:

Hand Weapons
 e - a +0 dagger
 j - a +2 mace of venom (weapon)
Armour
 a - a +0 robe (worn)
 i - a +0 cloak (worn)
 p - a cursed +0 scale mail
Jewellery
 c - a cursed ring of loudness (left hand)
 n - a +2 amulet of reflection (around neck)
Scrolls
 f - a scroll of blinking {unknown}
 l - a scroll of teleportation {unknown}
 q - a scroll of fear {unknown}
Potions
 h - a potion of brilliance {unknown}
 k - a potion of cancellation {unknown}
 m - a potion of degeneration {unknown}
 o - 2 potions of curing {unknown}
 r - a potion of lignification {unknown}
Books
 b - a book of Conjurations

   Spells                             Type                      Level
   a - Magic Dart                     Conjuration                  1
   b - Searing Ray                    Conjuration                  2
   c - Dazzling Spray                 Conjuration/Hexes            3
   d - Fulminant Prism                Conjuration/Hexes            4
   e - Iskenderun's Mystic Blast      Conjuration                  4
   f - Iskenderun's Battlesphere      Conjuration/Charms           5
Comestibles
 d - 2 meat rations
 g - 8 fruits


   Skills:
 - Level 2.4 Dodging
 - Level 2.4 Stealth
 + Level 3.9 Spellcasting
 * Level 5.3 Conjurations


You had 6 spell levels left.
You knew the following spells:

 Your Spells              Type           Power        Failure   Level  Hunger
a - Magic Dart            Conj           ####         1%          1    None
b - Searing Ray           Conj           ####..       2%          2    ##.....


Dungeon Overview and Level Annotations

Branches:
Dungeon (2/15)

Altars:


Message History

The ogre is moderately wounded.
The hound bites you.
A hound comes into view.
The hound barks!
The hound closely misses you.
The searing ray misses the hound.
The searing ray hits the ogre.
The ogre is severely wounded.
You finish channeling your searing ray.
The hound bites you. The hound barely misses you. The hound bites you.
Casting: Searing Ray
Confirm with . or Enter, or press ? or * to list all spells.
Aiming: Searing Ray
Press: ? - help, Shift-Dir - straight line, f/p - hound
Aim: a hound (moderately wounded)
The searing ray hits the hound.
The hound is heavily wounded. (Press . to maintain the ray.)
The ogre hits you with a giant club!
Ouch! That really hurt!
You die...

######### ###
#.......#....
#.......#....
#...@h.......
#####Oh....?.
#........
#....?..#
#...........#
##.O$.......#
.......>....+
###..........#
#...########


You could see an ogre and 2 hounds.

Vanquished Creatures
  An adder (D:2)
  A worm (D:2)
  A dart slug (D:1)
  A leopard gecko (D:2)
  A giant cockroach (D:1)
  2 goblins
  5 hobgoblins
  3 jackals (D:1)
  7 kobolds
  3 bats (D:1)
  3 frilled lizards
  3 rats
31 creatures vanquished.

Notes
Turn   | Place    | Note
-------+----------+-------------------------------------------
     0 | D:1      | Megalobster the Deep Elf Conjurer began the quest for the Orb.
     0 | D:1      | Reached XP level 1. HP: 10/10 MP: 6/6
   217 | D:1      | Reached XP level 2. HP: 15/15 MP: 6/8
   221 | D:1      | Learned a level 2 spell: Searing Ray
   464 | D:1      | Reached skill level 5 in Conjurations
  1363 | D:2      | Reached XP level 3. HP: 19/19 MP: 7/10
  1759 | D:2      | You fall through a shaft for 2 floors!
  1759 | D:4      | Noticed an ogre
  1769 | D:4      | Slain by an ogre

Skill      XL: |  1  2 |
---------------+-------+-----
Conjurations   | 5 |  5.3
Dodging        | |  2.4
Stealth        | |  2.4
Spellcasting   | |  3.9

Action                   || total
-------------------------++-------
Melee: Dagger            ||     5
 Cast: Magic Dart        ||    45
       Searing Ray       ||     6
  Eat: Bread ration      ||     1
Armor: Robe              ||     1
Dodge: Dodged            ||    10
